Wild vs Bruins
Created - 29 décembre 2014 at 21:50
Goals
|
| Wild |
2 |
1 |
1 |
4 |
| Bruins |
1 |
1 |
0 |
2 |
|
Shots
|
| Wild |
13 |
9 |
18 |
40 |
| Bruins |
9 |
10 |
11 |
30 |
|
1st period
1. Wild , Chris Drury 13 (Mike Green) at 13:52 (PP)
2. Wild , Daniel Briere 23 (Chris Drury, Mike Green) at 14:35
3. Bruins , Wojtek Wolski 21 (Vitali Yachmenev, Eric Lindros) at 17:05
Penalties :
Jason Demers (Bos) for Hooking (Minor) at 1:04, Dave Bolland (Bos) for Tripping (Minor) at 6:54, Matt Hendricks (Bos) for Hooking (Minor) at 12:53
2nd period
4. Wild , Anson Carter 6 (Glen Metropolit, Fedor Tyutin) at 10:37
5. Bruins , Matt Cooke 7 (Jason Demers, Evgeni Nabokov) at 16:49
Penalties :
Vaclav Prospal (Min) for Hooking (Minor) at 14:16, Daniel Briere (Min) for Hooking (Minor) at 17:57
3rd period
6. Wild , Mike Green 6 (Matt Moulson, Vaclav Prospal) at 1:57 (PP)
Penalties :
Scottie Upshall (Bos) for Hooking (Minor) at 1:23, Eric Lindros (Bos) for Hooking (Minor) at 17:56
Goalie Stats
Martin Brodeur (Min), 28 saves from 30 shots - (0,933), W, 19-13-1, 60:00 minutes
Evgeni Nabokov (Bos), 36 saves from 40 shots - (0,900), L, 12-20-2, 60:00 minutes
Players Stats for Wild
Player Name G A P +/- PIM S H SB GA TA FO MP PP MP PK MP
------------------------------------------------------------------------------------
Alexander Perezhogin 0 0 0 0 0 0 0 1 0 0 0/2 9:35 0:05 1:25
Alexei Kovalev 0 0 0 0 0 1 0 0 1 0 0/0 14:49 2:34 0:00
Anson Carter 1 0 1 -1 0 2 0 1 0 0 0/0 12:13 0:05 0:00
Chris Drury 1 1 2 1 0 3 2 0 1 0 19/35 23:51 4:51 2:03
Cody McLeod 0 0 0 0 0 1 1 0 0 1 0/0 8:52 0:00 1:21
Daniel Briere 1 0 1 1 2 6 3 0 0 1 0/4 22:53 4:51 1:01
Fedor Tyutin 0 1 1 2 0 2 0 3 0 0 0/0 29:57 5:05 2:13
Fredrik Modin 0 0 0 -1 0 2 1 0 0 0 0/0 12:07 0:00 0:12
Glen Metropolit 0 1 1 -1 0 4 2 1 0 1 4/8 13:13 0:05 0:57
Greg Zanon 0 0 0 -2 0 0 0 0 0 0 0/0 11:06 0:00 0:00
Mark Eaton 0 0 0 0 0 2 1 1 0 2 0/0 18:34 2:25 1:45
Matt Moulson 0 1 1 0 0 2 1 0 0 0 0/0 14:30 2:34 0:00
Mike Green 1 2 3 2 0 7 1 0 0 1 0/0 29:57 5:05 2:13
Nate Guenin 0 0 0 -2 0 0 0 0 0 0 0/0 11:06 0:00 0:00
R.J. Umberger 0 0 0 1 0 0 4 0 0 1 1/2 22:22 4:51 0:37
Rich Peverley 0 0 0 0 0 3 0 0 0 0 1/3 7:51 0:00 0:20
Toni Lydman 0 0 0 0 0 2 0 0 0 2 0/0 18:34 2:25 1:45
Vaclav Prospal 0 1 1 0 2 3 2 0 0 0 5/14 14:30 2:34 0:00
Players Stats for Bruins
Player Name G A P +/- PIM S H SB GA TA FO MP PP MP PK MP
------------------------------------------------------------------------------------
Andrei Markov 0 0 0 0 0 2 2 1 0 0 0/0 29:14 2:08 4:45
Christoph Schubert 0 0 0 0 0 0 0 2 0 0 0/0 10:53 0:00 0:00
Dainius Zubrus 0 0 0 0 0 1 2 1 1 0 0/1 10:49 0:02 0:00
Dave Bolland 0 0 0 0 2 0 2 2 0 0 3/7 13:53 1:53 0:58
Eric Lindros 0 1 1 0 2 2 0 1 1 0 25/38 22:11 2:03 3:24
Jason Demers 0 1 1 0 2 0 2 0 0 0 0/0 18:39 1:50 1:55
Mark Stuart 0 0 0 1 0 0 1 0 0 0 0/0 19:29 1:50 2:45
Martin Erat 0 0 0 1 0 0 1 0 1 0 0/1 7:28 0:02 0:00
Matt Cooke 1 0 1 1 0 2 0 1 0 1 1/1 10:13 0:00 2:43
Matt Hendricks 0 0 0 1 2 0 0 0 0 0 0/2 7:29 0:00 0:01
Ryan O'Byrne 0 0 0 0 0 1 3 2 2 0 0/0 29:14 2:08 4:45
Scottie Upshall 0 0 0 0 2 2 1 0 0 0 0/0 14:42 1:53 1:48
Sydney Crosby 0 0 0 -1 0 2 2 0 0 0 6/15 13:28 0:00 0:00
Tom Gilbert 0 0 0 -1 0 0 0 1 1 1 0/0 12:15 0:00 0:50
Victor Oreskovich 0 0 0 -1 0 2 1 0 0 0 0/0 15:21 1:53 0:00
Viktor Stalberg 0 0 0 -1 0 3 2 1 1 0 3/3 15:18 0:04 1:26
Vitali Yachmenev 0 1 1 0 0 1 0 0 0 0 0/0 18:25 2:01 0:00
Wojtek Wolski 1 0 1 0 0 12 3 1 2 0 0/0 23:24 2:03 4:40
3 Stars
1 - Mike Green (Min)
2 - Chris Drury (Min)
3 - Wojtek Wolski (Bos)
Power Play
Wild - 2 on 5 Attempt(s) - 40,00%
Bruins - 0 on 2 Attempt(s) - 0,00%
Penalty Kill
Wild - 2 on 2 Attempt(s) - 100,00%
- Score 0 goal in Penalty Kill
Bruins - 3 on 5 Attempt(s) - 60,00%
- Score 0 goal in Penalty Kill
Official
Referees : Devorski Paul and Peel Tim
Linesman : Don Henderson and Dan Schachte
Game Notes
No Game Note
Finance
Level 1 -- Attendance: 4363 (72,72%) -- Ticket Income 431 937 $
Level 2 -- Attendance: 3995 (79,90%) -- Ticket Income 235 705 $
Level 3 -- Attendance: 2000 (100,00%) -- Ticket Income 58 000 $
Level 4 -- Attendance: 3999 (99,98%) -- Ticket Income 75 981 $
Luxury Box -- Attendance: 766 (76,60%) -- Ticket Income 144 774 $
Game was played at the TD Banknorth Garden
Total Attendance: 15123 (84,02%)
Total Ticket Income: 946 397 $
Other Income: 141 960 $
Total Income: 1 088 357 $
Wild
5 vs 5 Forward
Center Left Wing Right Wing Time % Phy DF OF
1 Chris Drury R.J. Umberger Daniel Briere 40 1 2 2
2 Vaclav Prospal Matt Moulson Alexei Kovalev 30 1 2 2
3 Glen Metropolit Fredrik Modin Anson Carter 20 1 2 2
4 Rich Peverley Cody McLeod Alexander Perezhogin 10 1 2 2
5 vs 5 Defense
Defense Defense Time % Phy DF OF
1 Mike Green Fedor Tyutin 40 1 2 2
2 Mark Eaton Toni Lydman 30 1 2 2
3 Greg Zanon Nate Guenin 20 1 2 2
4 Mike Green Fedor Tyutin 10 1 2 2
PowerPlay Forward
Center Left Wing Right Wing Time % Phy DF OF
1 Chris Drury R.J. Umberger Daniel Briere 60 1 2 2
2 Vaclav Prospal Matt Moulson Alexei Kovalev 40 1 2 2
PowerPlay Defense
Defense Defense Time % Phy DF OF
1 Mike Green Fedor Tyutin 60 1 2 2
2 Mark Eaton Toni Lydman 40 1 2 2
Penalty Kill 4 Players Forward
Center Wing Time % Phy DF OF
1 Daniel Briere Chris Drury 60 1 2 2
2 R.J. Umberger Vaclav Prospal 40 1 2 2
Penalty Kill 4 Players Defense
Defense Defense Time % Phy DF OF
1 Mike Green Fedor Tyutin 60 1 2 2
2 Mark Eaton Toni Lydman 40 1 2 2
Penalty Kill - 3 Players Forward
Forward Time % Phy DF OF
1 Daniel Briere 60 1 2 2
2 Chris Drury 40 1 2 2
Penalty Kill - 3 Players Defense
Defense Defense Time % Phy DF OF
1 Mike Green Fedor Tyutin 60 1 2 2
2 Mark Eaton Toni Lydman 40 1 2 2
4 vs 4 Forward
Center Wing Time % Phy DF OF
1 Daniel Briere Chris Drury 60 1 2 2
2 R.J. Umberger Vaclav Prospal 40 1 2 2
4 vs 4 Defense
Defense Defense Time % Phy DF OF
1 Mike Green Fedor Tyutin 60 1 2 2
2 Mark Eaton Toni Lydman 40 1 2 2
Last Minutes Offensive
Center Left Wing Right Wing Defense Defense
Chris Drury R.J. Umberger Daniel Briere Mike Green Fedor Tyutin
Last Minutes Defensive
Center Left Wing Right Wing Defense Defense
Chris Drury R.J. Umberger Daniel Briere Mike Green Fedor Tyutin
Goaltenders
Starting : Martin Brodeur
Backup : Julien Ellis
Extra Forwards
Normal : Anson Carter, Glen Metropolit, Alexander Perezhogin - PP : Anson Carter, Glen Metropolit - PK : Alexander Perezhogin
Extra Defensemen
Normal : Greg Zanon, Nate Guenin, Mark Eaton - PP : Greg Zanon - PK : Nate Guenin, Mark Eaton
Penalty Shots
Daniel Briere, Chris Drury, R.J. Umberger, Vaclav Prospal, Alexei Kovalev
Bruins
5 vs 5 Forward
Center Left Wing Right Wing Time % Phy DF OF
1 Eric Lindros Wojtek Wolski Vitali Yachmenev 40 1 2 2
2 Sydney Crosby Viktor Stalberg Victor Oreskovich 30 1 2 2
3 Dave Bolland Scottie Upshall Dainius Zubrus 20 1 2 2
4 Matt Hendricks Matt Cooke Martin Erat 10 1 2 2
5 vs 5 Defense
Defense Defense Time % Phy DF OF
1 Ryan O'Byrne Andrei Markov 40 1 2 2
2 Mark Stuart Jason Demers 30 1 2 2
3 Christoph Schubert Tom Gilbert 20 1 2 2
4 Ryan O'Byrne Andrei Markov 10 1 2 2
PowerPlay Forward
Center Left Wing Right Wing Time % Phy DF OF
1 Eric Lindros Wojtek Wolski Vitali Yachmenev 60 1 2 2
2 Dave Bolland Scottie Upshall Victor Oreskovich 40 1 2 2
PowerPlay Defense
Defense Defense Time % Phy DF OF
1 Ryan O'Byrne Andrei Markov 60 1 2 2
2 Mark Stuart Jason Demers 40 1 2 2
Penalty Kill 4 Players Forward
Center Wing Time % Phy DF OF
1 Eric Lindros Wojtek Wolski 60 1 2 2
2 Scottie Upshall Matt Cooke 40 1 2 2
Penalty Kill 4 Players Defense
Defense Defense Time % Phy DF OF
1 Ryan O'Byrne Andrei Markov 60 1 2 2
2 Mark Stuart Jason Demers 40 1 2 2
Penalty Kill - 3 Players Forward
Forward Time % Phy DF OF
1 Eric Lindros 60 1 2 2
2 Wojtek Wolski 40 1 2 2
Penalty Kill - 3 Players Defense
Defense Defense Time % Phy DF OF
1 Ryan O'Byrne Andrei Markov 60 1 2 2
2 Mark Stuart Jason Demers 40 1 2 2
4 vs 4 Forward
Center Wing Time % Phy DF OF
1 Eric Lindros Wojtek Wolski 60 1 2 2
2 Scottie Upshall Matt Cooke 40 1 2 2
4 vs 4 Defense
Defense Defense Time % Phy DF OF
1 Ryan O'Byrne Andrei Markov 60 1 2 2
2 Mark Stuart Jason Demers 40 1 2 2
Last Minutes Offensive
Center Left Wing Right Wing Defense Defense
Eric Lindros Wojtek Wolski Vitali Yachmenev Ryan O'Byrne Andrei Markov
Last Minutes Defensive
Center Left Wing Right Wing Defense Defense
Eric Lindros Wojtek Wolski Vitali Yachmenev Ryan O'Byrne Andrei Markov
Goaltenders
Starting : Evgeni Nabokov
Backup : Karri Ramo
Extra Forwards
Normal : Viktor Stalberg, Dainius Zubrus, Sydney Crosby - PP : Viktor Stalberg, Dainius Zubrus - PK : Viktor Stalberg
Extra Defensemen
Normal : Christoph Schubert, Tom Gilbert, Mark Stuart - PP : Christoph Schubert - PK : Tom Gilbert, Mark Stuart
Penalty Shots
Eric Lindros, Wojtek Wolski, Scottie Upshall, Matt Cooke, Viktor Stalberg
% Time on Ice - Wild
Lines # - Real PCT - Wanted PCT - Time Play
Normal Forward
1 - 35% - 40% - 17:12
2 - 25% - 30% - 11:57
3 - 24% - 20% - 11:52
4 - 15% - 10% - 7:31
Normal Defense
1 - 41% - 40% - 19:52
2 - 30% - 30% - 14:24
3 - 24% - 20% - 11:29
4 - 6% - 10% - 2:47
PP Forward
1 - 66% - 60% - 4:56
2 - 34% - 40% - 2:34
PP Defense
1 - 68% - 60% - 5:05
2 - 32% - 40% - 2:25
PK Forward
1 - 84% - 60% - 3:21
2 - 16% - 40% - 0:37
PK Defense
1 - 56% - 60% - 2:13
2 - 44% - 40% - 1:45
PK3 Forward
1 - 0% - 60%
2 - 0% - 40%
PK3 Defense
1 - 0% - 60%
2 - 0% - 40%
44 Forward
1 - 0% - 60%
2 - 0% - 40%
44 Defense
1 - 0% - 60%
2 - 0% - 40%
Last Minute Offensive - 0:00
Last Minute Defensive - 0:00
Total
Forward - 60:00
Defense - 60:00
|
% Time on Ice - Bruins
Lines # - Real PCT - Wanted PCT - Time Play
Normal Forward
1 - 35% - 40% - 17:03
2 - 28% - 30% - 13:31
3 - 22% - 20% - 10:44
4 - 15% - 10% - 7:14
Normal Defense
1 - 41% - 40% - 19:56
2 - 32% - 30% - 15:18
3 - 20% - 20% - 9:52
4 - 7% - 10% - 3:26
PP Forward
1 - 53% - 60% - 2:05
2 - 47% - 40% - 1:53
PP Defense
1 - 54% - 60% - 2:08
2 - 46% - 40% - 1:50
PK Forward
1 - 78% - 60% - 5:49
2 - 22% - 40% - 1:41
PK Defense
1 - 63% - 60% - 4:45
2 - 37% - 40% - 2:45
PK3 Forward
1 - 0% - 60%
2 - 0% - 40%
PK3 Defense
1 - 0% - 60%
2 - 0% - 40%
44 Forward
1 - 0% - 60%
2 - 0% - 40%
44 Defense
1 - 0% - 60%
2 - 0% - 40%
Last Minute Offensive - 0:00
Last Minute Defensive - 0:00
Total
Forward - 60:00
Defense - 60:00
|
Play by Play
1st period
0:01 of 1st period - Eric Lindros wins face-off versus Daniel Briere in neutral zone.
0:26 of 1st period - Fedor Tyutin is hit by Ryan O'Byrne and loses puck.
1:04 of 1st period - Minor Penalty to Jason Demers for Hooking.
1:05 of 1st period - Eric Lindros wins face-off versus Chris Drury in Bruins zone.
1:36 of 1st period - Wrist shot by Alexei Kovalev.
1:36 of 1st period - Shot Blocked by Andrei Markov.
1:38 of 1st period - Wrist shot by Mike Green.
1:38 of 1st period - Stopped by Evgeni Nabokov without a rebound.
1:39 of 1st period - Chris Drury wins face-off versus Eric Lindros in Bruins zone.
2:08 of 1st period - Slapshot by Mike Green.
2:08 of 1st period - Stopped by Evgeni Nabokov with a rebound.
2:10 of 1st period - Slapshot by Fedor Tyutin.
2:10 of 1st period - Shot Blocked by Ryan O'Byrne.
2:12 of 1st period - Snap shot by Mike Green.
2:12 of 1st period - Deflect By Vaclav Prospal.
2:12 of 1st period - Stopped by Evgeni Nabokov with a rebound.
3:04 of 1st period - Penalty to Jason Demers is over, Jason Demers is back on ice.
3:18 of 1st period - Wrist shot by Victor Oreskovich.
3:18 of 1st period - Shot Blocked by Glen Metropolit.
3:20 of 1st period - Slapshot by Mark Stuart.
3:20 of 1st period - Deflect By Victor Oreskovich.
3:20 of 1st period - Shot Blocked by Fedor Tyutin.
3:20 of 1st period - Puck is out of play.
3:21 of 1st period - Sydney Crosby wins face-off versus Alexander Perezhogin in Wild zone.
3:48 of 1st period - Toni Lydman is hit by Wojtek Wolski.
3:56 of 1st period - Snap shot by Vaclav Prospal.
3:56 of 1st period - Stopped by Evgeni Nabokov with a rebound.
4:14 of 1st period - Slapshot by Andrei Markov.
4:14 of 1st period - Shot Misses the Net.
4:48 of 1st period - Slapshot by Mike Green.
4:48 of 1st period - Deflect By Rich Peverley.
4:48 of 1st period - Shot Blocked by Viktor Stalberg.
4:48 of 1st period - Puck is out of play.
4:49 of 1st period - Sydney Crosby wins face-off versus Rich Peverley in Bruins zone.
5:36 of 1st period - Snap shot by Rich Peverley.
5:36 of 1st period - Stopped by Evgeni Nabokov with a rebound.
5:38 of 1st period - Slapshot by Fedor Tyutin.
5:38 of 1st period - Stopped by Evgeni Nabokov without a rebound.
5:39 of 1st period - Chris Drury wins face-off versus Eric Lindros in Bruins zone.
5:52 of 1st period - Snap shot by Chris Drury.
5:52 of 1st period - Shot Misses the Net.
5:54 of 1st period - Slapshot by Mark Eaton.
5:54 of 1st period - Deflect By Chris Drury.
5:54 of 1st period - Shot Blocked by Eric Lindros.
5:54 of 1st period - Puck is out of play.
5:55 of 1st period - Eric Lindros wins face-off versus Vaclav Prospal in Bruins zone.
6:54 of 1st period - Minor Penalty to Dave Bolland for Tripping.
6:55 of 1st period - Eric Lindros wins face-off versus Chris Drury in Bruins zone.
8:54 of 1st period - Penalty to Dave Bolland is over, Dave Bolland is back on ice.
11:55 of 1st period - Mark Eaton is hit by Sydney Crosby and loses puck.
12:09 of 1st period - Icing by Mark Eaton.
12:10 of 1st period - Glen Metropolit wins face-off versus Matt Hendricks in Wild zone.
12:10 of 1st period - Glen Metropolit is hit by Mark Stuart.
12:53 of 1st period - Minor Penalty to Matt Hendricks for Hooking.
12:54 of 1st period - Eric Lindros wins face-off versus Chris Drury in Bruins zone.
13:02 of 1st period - Icing by Chris Drury.
13:03 of 1st period - Chris Drury wins face-off versus Eric Lindros in Wild zone.
13:12 of 1st period - Snap shot by Chris Drury.
13:12 of 1st period - Shot Misses the Net.
13:50 of 1st period - Snap shot by Mike Green.
13:50 of 1st period - Stopped by Evgeni Nabokov with a rebound.
13:52 of 1st period - Wrist shot by Chris Drury.
13:52 of 1st period - Goal by Chris Drury - Wild : 1 - Bruins : 0.
13:53 of 1st period - Eric Lindros wins face-off versus Vaclav Prospal in neutral zone.
14:04 of 1st period - Andrei Markov is hit by Vaclav Prospal and loses puck.
14:09 of 1st period - Snap shot by Alexei Kovalev.
14:09 of 1st period - Stopped by Evgeni Nabokov without a rebound.
14:10 of 1st period - Chris Drury wins face-off versus Sydney Crosby in Bruins zone.
14:15 of 1st period - Slapshot by Daniel Briere.
14:15 of 1st period - Stopped by Evgeni Nabokov with a rebound.
14:17 of 1st period - Slapshot by Fedor Tyutin.
14:17 of 1st period - Stopped by Evgeni Nabokov without a rebound.
14:18 of 1st period - Chris Drury wins face-off versus Sydney Crosby in Bruins zone.
14:35 of 1st period - Snap shot by Daniel Briere.
14:35 of 1st period - Goal by Daniel Briere - Wild : 2 - Bruins : 0.
14:36 of 1st period - Eric Lindros wins face-off versus Chris Drury in neutral zone.
15:32 of 1st period - Snap shot by Viktor Stalberg.
15:32 of 1st period - Stopped by Martin Brodeur with a rebound.
15:52 of 1st period - Snap shot by Alexander Perezhogin.
15:52 of 1st period - Deflect By Tom Gilbert.
15:52 of 1st period - Shot Misses the Net.
15:52 of 1st period - Puck is out of play.
15:53 of 1st period - Eric Lindros wins face-off versus Chris Drury in Bruins zone.
15:53 of 1st period - Eric Lindros is hit by Chris Drury.
16:05 of 1st period - Snap shot by Wojtek Wolski.
16:05 of 1st period - Deflect By Vitali Yachmenev.
16:05 of 1st period - Shot Misses the Net.
16:05 of 1st period - Puck is out of play.
16:06 of 1st period - Eric Lindros wins face-off versus Chris Drury in Wild zone.
16:07 of 1st period - Snap shot by Wojtek Wolski.
16:07 of 1st period - Stopped by Martin Brodeur without a rebound.
16:08 of 1st period - Eric Lindros wins face-off versus R.J. Umberger in Wild zone.
16:11 of 1st period - Slapshot by Wojtek Wolski.
16:11 of 1st period - Shot Misses the Net.
16:15 of 1st period - Snap shot by Wojtek Wolski.
16:15 of 1st period - Shot Misses the Net.
16:17 of 1st period - Snap shot by Wojtek Wolski.
16:17 of 1st period - Stopped by Martin Brodeur without a rebound.
16:18 of 1st period - Eric Lindros wins face-off versus Daniel Briere in Wild zone.
16:25 of 1st period - Snap shot by Wojtek Wolski.
16:25 of 1st period - Shot Misses the Net.
16:39 of 1st period - R.J. Umberger is hit by Wojtek Wolski.
16:53 of 1st period - Snap shot by Glen Metropolit.
16:53 of 1st period - Shot Misses the Net.
17:03 of 1st period - Slapshot by Vitali Yachmenev.
17:03 of 1st period - Stopped by Martin Brodeur with a rebound.
17:05 of 1st period - Wrist shot by Vitali Yachmenev.
17:05 of 1st period - Deflect By Wojtek Wolski.
17:05 of 1st period - Goal by Wojtek Wolski - Wild : 2 - Bruins : 1.
17:06 of 1st period - Sydney Crosby wins face-off versus Chris Drury in neutral zone.
17:09 of 1st period - Wrist shot by Viktor Stalberg.
17:09 of 1st period - Shot Misses the Net.
18:03 of 1st period - Snap shot by Wojtek Wolski.
18:03 of 1st period - Stopped by Martin Brodeur with a rebound.
18:19 of 1st period - Slapshot by Andrei Markov.
18:19 of 1st period - Shot Misses the Net.
18:21 of 1st period - Slapshot by Ryan O'Byrne.
18:21 of 1st period - Stopped by Martin Brodeur with a rebound.
18:23 of 1st period - Slapshot by Andrei Markov.
18:23 of 1st period - Stopped by Martin Brodeur without a rebound.
18:24 of 1st period - Chris Drury wins face-off versus Eric Lindros in Wild zone.
18:51 of 1st period - Christoph Schubert is hit by Matt Moulson and loses puck.
19:14 of 1st period - Snap shot by Viktor Stalberg.
19:14 of 1st period - Stopped by Martin Brodeur without a rebound.
19:15 of 1st period - Glen Metropolit wins face-off versus Dainius Zubrus in Wild zone.
19:15 of 1st period - Glen Metropolit is hit by Dave Bolland.
19:37 of 1st period - Slapshot by Mike Green.
19:37 of 1st period - Stopped by Evgeni Nabokov without a rebound.
19:38 of 1st period - R.J. Umberger wins face-off versus Eric Lindros in Bruins zone.
19:45 of 1st period - Mark Stuart is hit by Daniel Briere and loses puck.
Goals for this period are 2 for Wild vs 1 for Bruins.
Shots for this period are 13 for Wild vs 9 for Bruins.
2nd period
0:01 of 2nd period - Eric Lindros wins face-off versus Chris Drury in neutral zone.
0:04 of 2nd period - R.J. Umberger is hit by Wojtek Wolski and loses puck.
0:11 of 2nd period - Slapshot by Mike Green.
0:11 of 2nd period - Stopped by Evgeni Nabokov without a rebound.
0:12 of 2nd period - Chris Drury wins face-off versus Eric Lindros in Bruins zone.
0:24 of 2nd period - Icing by Vitali Yachmenev.
0:25 of 2nd period - Eric Lindros wins face-off versus Vaclav Prospal in Bruins zone.
0:30 of 2nd period - Vaclav Prospal is hit by Andrei Markov and loses puck.
1:00 of 2nd period - Snap shot by Sydney Crosby.
1:00 of 2nd period - Stopped by Martin Brodeur with a rebound.
1:02 of 2nd period - Snap shot by Sydney Crosby.
1:02 of 2nd period - Shot Misses the Net.
1:04 of 2nd period - Wrist shot by Victor Oreskovich.
1:04 of 2nd period - Deflect By Viktor Stalberg.
1:04 of 2nd period - Shot Blocked by Fedor Tyutin.
1:04 of 2nd period - Puck is out of play.
1:05 of 2nd period - Dave Bolland wins face-off versus Glen Metropolit in Wild zone.
1:08 of 2nd period - Slapshot by Scottie Upshall.
1:08 of 2nd period - Stopped by Martin Brodeur with a rebound.
1:14 of 2nd period - Backhand shot by Fredrik Modin.
1:14 of 2nd period - Stopped by Evgeni Nabokov without a rebound.
1:15 of 2nd period - Dave Bolland wins face-off versus Glen Metropolit in Bruins zone.
1:24 of 2nd period - Slapshot by Andrei Markov.
1:24 of 2nd period - Stopped by Martin Brodeur with a rebound.
2:07 of 2nd period - Slapshot by Andrei Markov.
2:07 of 2nd period - Shot Misses the Net.
2:13 of 2nd period - Slapshot by Fredrik Modin.
2:13 of 2nd period - Stopped by Evgeni Nabokov with a rebound.
2:15 of 2nd period - Snap shot by Glen Metropolit.
2:15 of 2nd period - Shot Misses the Net.
2:41 of 2nd period - Slapshot by Scottie Upshall.
2:41 of 2nd period - Shot Misses the Net.
3:24 of 2nd period - Icing by Ryan O'Byrne.
3:25 of 2nd period - Dave Bolland wins face-off versus Chris Drury in Bruins zone.
4:42 of 2nd period - Snap shot by Chris Drury.
4:42 of 2nd period - Shot Misses the Net.
6:05 of 2nd period - Icing by Tom Gilbert.
6:06 of 2nd period - Vaclav Prospal wins face-off versus Eric Lindros in Bruins zone.
6:34 of 2nd period - Viktor Stalberg is hit by R.J. Umberger and loses puck.
6:41 of 2nd period - Mike Green is hit by Sydney Crosby and loses puck.
8:15 of 2nd period - Slapshot by Eric Lindros.
8:15 of 2nd period - Deflect By Wojtek Wolski.
8:15 of 2nd period - Shot Blocked by Alexander Perezhogin.
8:15 of 2nd period - Puck is out of play.
8:16 of 2nd period - Matt Cooke wins face-off versus Chris Drury in Wild zone.
9:17 of 2nd period - Vaclav Prospal is hit by Andrei Markov and loses puck.
9:32 of 2nd period - Jason Demers is hit by Daniel Briere and loses puck.
9:37 of 2nd period - Snap shot by Chris Drury.
9:37 of 2nd period - Stopped by Evgeni Nabokov with a rebound.
9:47 of 2nd period - Snap shot by Rich Peverley.
9:47 of 2nd period - Stopped by Evgeni Nabokov with a rebound.
10:09 of 2nd period - Vitali Yachmenev is hit by Mike Green and loses puck.
10:20 of 2nd period - Snap shot by Wojtek Wolski.
10:20 of 2nd period - Stopped by Martin Brodeur with a rebound.
10:26 of 2nd period - Mike Green is hit by Jason Demers and loses puck.
10:33 of 2nd period - Slapshot by Fedor Tyutin.
10:33 of 2nd period - Shot Misses the Net.
10:35 of 2nd period - Snap shot by Glen Metropolit.
10:35 of 2nd period - Stopped by Evgeni Nabokov with a rebound.
10:37 of 2nd period - Wrist shot by Anson Carter.
10:37 of 2nd period - Goal by Anson Carter - Wild : 3 - Bruins : 1.
10:38 of 2nd period - Chris Drury wins face-off versus Sydney Crosby in neutral zone.
11:06 of 2nd period - Alexei Kovalev is hit by Martin Erat and loses puck.
12:03 of 2nd period - Snap shot by Cody McLeod.
12:03 of 2nd period - Stopped by Evgeni Nabokov without a rebound.
12:04 of 2nd period - Eric Lindros wins face-off versus Chris Drury in Bruins zone.
12:04 of 2nd period - Eric Lindros is hit by R.J. Umberger.
12:32 of 2nd period - Victor Oreskovich is hit by Glen Metropolit and loses puck.
13:01 of 2nd period - Slapshot by Fedor Tyutin.
13:01 of 2nd period - Shot Misses the Net.
13:46 of 2nd period - Snap shot by Sydney Crosby.
13:46 of 2nd period - Stopped by Martin Brodeur with a rebound.
14:03 of 2nd period - Off-side.
14:04 of 2nd period - Eric Lindros wins face-off versus Vaclav Prospal in neutral zone.
14:16 of 2nd period - Minor Penalty to Vaclav Prospal for Hooking.
14:17 of 2nd period - Eric Lindros wins face-off versus Daniel Briere in Wild zone.
14:21 of 2nd period - Slapshot by Eric Lindros.
14:21 of 2nd period - Shot Misses the Net.
14:31 of 2nd period - Wrist shot by Wojtek Wolski.
14:31 of 2nd period - Stopped by Martin Brodeur with a rebound.
14:33 of 2nd period - Slapshot by Eric Lindros.
14:33 of 2nd period - Shot Blocked by Mark Eaton.
14:43 of 2nd period - Chris Drury is hit by Jason Demers and loses puck.
14:50 of 2nd period - Snap shot by Victor Oreskovich.
14:50 of 2nd period - Stopped by Martin Brodeur with a rebound.
14:52 of 2nd period - Backhand shot by Andrei Markov.
14:52 of 2nd period - Shot Misses the Net.
15:50 of 2nd period - Mark Stuart is hit by Cody McLeod and loses puck.
16:16 of 2nd period - Penalty to Vaclav Prospal is over, Vaclav Prospal is back on ice.
16:20 of 2nd period - Viktor Stalberg is hit by Vaclav Prospal and loses puck.
16:49 of 2nd period - Snap shot by Matt Cooke.
16:49 of 2nd period - Goal by Matt Cooke - Wild : 3 - Bruins : 2.
16:50 of 2nd period - Chris Drury wins face-off versus Sydney Crosby in neutral zone.
17:19 of 2nd period - Slapshot by Mike Green.
17:19 of 2nd period - Stopped by Evgeni Nabokov without a rebound.
17:20 of 2nd period - Eric Lindros wins face-off versus Glen Metropolit in Bruins zone.
17:33 of 2nd period - Snap shot by Wojtek Wolski.
17:33 of 2nd period - Stopped by Martin Brodeur with a rebound.
17:35 of 2nd period - Snap shot by Wojtek Wolski.
17:35 of 2nd period - Stopped by Martin Brodeur without a rebound.
17:36 of 2nd period - Sydney Crosby wins face-off versus Chris Drury in Wild zone.
17:51 of 2nd period - Snap shot by Sydney Crosby.
17:51 of 2nd period - Shot Misses the Net.
17:57 of 2nd period - Minor Penalty to Daniel Briere for Hooking.
17:58 of 2nd period - Eric Lindros wins face-off versus Alexander Perezhogin in Wild zone.
18:13 of 2nd period - Snap shot by Chris Drury.
18:13 of 2nd period - Shot Blocked by Wojtek Wolski.
19:57 of 2nd period - Penalty to Daniel Briere is over, Daniel Briere is back on ice.
Goals for this period are 1 for Wild vs 1 for Bruins.
Shots for this period are 9 for Wild vs 10 for Bruins.
3rd period
0:01 of 3rd period - Eric Lindros wins face-off versus Chris Drury in neutral zone.
0:16 of 3rd period - Wrist shot by Wojtek Wolski.
0:16 of 3rd period - Stopped by Martin Brodeur with a rebound.
0:23 of 3rd period - Icing by R.J. Umberger.
0:24 of 3rd period - Chris Drury wins face-off versus Sydney Crosby in Wild zone.
0:53 of 3rd period - Slapshot by Eric Lindros.
0:53 of 3rd period - Stopped by Martin Brodeur with a rebound.
1:08 of 3rd period - Off-side.
1:09 of 3rd period - Glen Metropolit wins face-off versus Dave Bolland in neutral zone.
1:09 of 3rd period - Toni Lydman is hit by Ryan O'Byrne and loses puck.
1:23 of 3rd period - Minor Penalty to Scottie Upshall for Hooking.
1:24 of 3rd period - Chris Drury wins face-off versus Eric Lindros in Bruins zone.
1:28 of 3rd period - Snap shot by Daniel Briere.
1:28 of 3rd period - Stopped by Evgeni Nabokov without a rebound.
1:29 of 3rd period - Chris Drury wins face-off versus Eric Lindros in Bruins zone.
1:55 of 3rd period - Snap shot by Matt Moulson.
1:55 of 3rd period - Shot Misses the Net.
1:57 of 3rd period - Slapshot by Mike Green.
1:57 of 3rd period - Goal by Mike Green - Wild : 4 - Bruins : 2.
1:58 of 3rd period - Chris Drury wins face-off versus Eric Lindros in neutral zone.
2:27 of 3rd period - Wrist shot by Eric Lindros.
2:27 of 3rd period - Stopped by Martin Brodeur with a rebound.
2:49 of 3rd period - Snap shot by Alexander Perezhogin.
2:49 of 3rd period - Shot Misses the Net.
2:51 of 3rd period - Slapshot by Rich Peverley.
2:51 of 3rd period - Shot Blocked by Dave Bolland.
2:53 of 3rd period - Wrist shot by Alexander Perezhogin.
2:53 of 3rd period - Shot Blocked by Dave Bolland.
2:55 of 3rd period - Slapshot by Mark Eaton.
2:55 of 3rd period - Deflect By Dainius Zubrus.
2:55 of 3rd period - Stopped by Evgeni Nabokov without a rebound.
2:56 of 3rd period - Eric Lindros wins face-off versus Daniel Briere in Bruins zone.
2:56 of 3rd period - Eric Lindros is hit by R.J. Umberger.
3:04 of 3rd period - Snap shot by Wojtek Wolski.
3:04 of 3rd period - Stopped by Martin Brodeur with a rebound.
3:12 of 3rd period - Wojtek Wolski is hit by Mark Eaton and loses puck.
3:25 of 3rd period - Snap shot by Alexei Kovalev.
3:25 of 3rd period - Shot Blocked by Tom Gilbert.
3:27 of 3rd period - Slapshot by Vaclav Prospal.
3:27 of 3rd period - Stopped by Evgeni Nabokov with a rebound.
3:29 of 3rd period - Snap shot by Fedor Tyutin.
3:29 of 3rd period - Shot Misses the Net.
3:31 of 3rd period - Wrist shot by Matt Moulson.
3:31 of 3rd period - Stopped by Evgeni Nabokov without a rebound.
3:32 of 3rd period - Chris Drury wins face-off versus Sydney Crosby in Bruins zone.
3:49 of 3rd period - Sydney Crosby is hit by Daniel Briere and loses puck.
4:08 of 3rd period - Wrist shot by Wojtek Wolski.
4:08 of 3rd period - Stopped by Martin Brodeur without a rebound.
4:09 of 3rd period - Eric Lindros wins face-off versus Vaclav Prospal in Wild zone.
4:47 of 3rd period - Chris Drury is hit by Dave Bolland and loses puck.
6:38 of 3rd period - Slapshot by Matt Cooke.
6:38 of 3rd period - Stopped by Martin Brodeur without a rebound.
6:39 of 3rd period - Vaclav Prospal wins face-off versus Martin Erat in Wild zone.
7:00 of 3rd period - Off-side.
7:01 of 3rd period - Chris Drury wins face-off versus Eric Lindros in neutral zone.
7:11 of 3rd period - Snap shot by Wojtek Wolski.
7:11 of 3rd period - Shot Blocked by Fedor Tyutin.
7:33 of 3rd period - Snap shot by Viktor Stalberg.
7:33 of 3rd period - Stopped by Martin Brodeur without a rebound.
7:34 of 3rd period - Vaclav Prospal wins face-off versus Sydney Crosby in Wild zone.
7:34 of 3rd period - Vaclav Prospal is hit by Victor Oreskovich.
7:48 of 3rd period - Snap shot by Matt Moulson.
7:48 of 3rd period - Stopped by Evgeni Nabokov without a rebound.
7:49 of 3rd period - Chris Drury wins face-off versus Eric Lindros in Bruins zone.
7:58 of 3rd period - Wrist shot by Chris Drury.
7:58 of 3rd period - Deflect By Wojtek Wolski.
7:58 of 3rd period - Stopped by Evgeni Nabokov without a rebound.
7:59 of 3rd period - Chris Drury wins face-off versus Eric Lindros in Bruins zone.
8:08 of 3rd period - Chris Drury is hit by Ryan O'Byrne and loses puck.
8:49 of 3rd period - Snap shot by Daniel Briere.
8:49 of 3rd period - Shot Misses the Net.
9:58 of 3rd period - Off-side.
9:59 of 3rd period - Sydney Crosby wins face-off versus Vaclav Prospal in neutral zone.
10:44 of 3rd period - Jason Demers is hit by Glen Metropolit and loses puck.
10:59 of 3rd period - Slapshot by Dainius Zubrus.
10:59 of 3rd period - Stopped by Martin Brodeur without a rebound.
11:00 of 3rd period - Sydney Crosby wins face-off versus Vaclav Prospal in Wild zone.
11:32 of 3rd period - Backhand shot by Nate Guenin.
11:32 of 3rd period - Deflect By Alexander Perezhogin.
11:32 of 3rd period - Shot Blocked by Matt Cooke.
11:32 of 3rd period - Puck is out of play.
11:33 of 3rd period - Vaclav Prospal wins face-off versus Sydney Crosby in Bruins zone.
11:50 of 3rd period - Nate Guenin is hit by Viktor Stalberg and loses puck.
12:11 of 3rd period - Wrist shot by Scottie Upshall.
12:11 of 3rd period - Stopped by Martin Brodeur with a rebound.
12:13 of 3rd period - Slapshot by Dainius Zubrus.
12:13 of 3rd period - Shot Blocked by Anson Carter.
13:06 of 3rd period - Mike Green is hit by Scottie Upshall and loses puck.
13:43 of 3rd period - Snap shot by Alexander Perezhogin.
13:43 of 3rd period - Shot Blocked by Ryan O'Byrne.
13:45 of 3rd period - Slapshot by Fedor Tyutin.
13:45 of 3rd period - Shot Blocked by Dainius Zubrus.
13:47 of 3rd period - Snap shot by Mark Eaton.
13:47 of 3rd period - Stopped by Evgeni Nabokov without a rebound.
13:48 of 3rd period - Eric Lindros wins face-off versus Rich Peverley in Bruins zone.
14:33 of 3rd period - Snap shot by Wojtek Wolski.
14:33 of 3rd period - Shot Misses the Net.
14:54 of 3rd period - Off-side.
14:55 of 3rd period - Rich Peverley wins face-off versus Matt Hendricks in neutral zone.
15:00 of 3rd period - Slapshot by Rich Peverley.
15:00 of 3rd period - Shot Blocked by Christoph Schubert.
15:04 of 3rd period - Backhand shot by Rich Peverley.
15:04 of 3rd period - Stopped by Evgeni Nabokov with a rebound.
15:06 of 3rd period - Slapshot by Toni Lydman.
15:06 of 3rd period - Stopped by Evgeni Nabokov without a rebound.
15:07 of 3rd period - Chris Drury wins face-off versus Dave Bolland in Bruins zone.
15:34 of 3rd period - Scottie Upshall is hit by Fredrik Modin and loses puck.
15:39 of 3rd period - Snap shot by Glen Metropolit.
15:39 of 3rd period - Stopped by Evgeni Nabokov without a rebound.
15:40 of 3rd period - Eric Lindros wins face-off versus Glen Metropolit in Bruins zone.
15:47 of 3rd period - Wrist shot by Glen Metropolit.
15:47 of 3rd period - Stopped by Evgeni Nabokov with a rebound.
15:49 of 3rd period - Slapshot by Toni Lydman.
15:49 of 3rd period - Stopped by Evgeni Nabokov without a rebound.
15:50 of 3rd period - Eric Lindros wins face-off versus Chris Drury in Bruins zone.
15:50 of 3rd period - Eric Lindros is hit by R.J. Umberger.
16:07 of 3rd period - Christoph Schubert is hit by Chris Drury.
16:22 of 3rd period - Snap shot by Daniel Briere.
16:22 of 3rd period - Stopped by Evgeni Nabokov without a rebound.
16:23 of 3rd period - Vaclav Prospal wins face-off versus Dave Bolland in Bruins zone.
16:30 of 3rd period - Wrist shot by Vaclav Prospal.
16:30 of 3rd period - Shot Misses the Net.
16:40 of 3rd period - Alexei Kovalev is hit by Dainius Zubrus and loses puck.
16:51 of 3rd period - Snap shot by Anson Carter.
16:51 of 3rd period - Stopped by Evgeni Nabokov with a rebound.
16:53 of 3rd period - Slapshot by Mark Eaton.
16:53 of 3rd period - Deflect By Glen Metropolit.
16:53 of 3rd period - Stopped by Evgeni Nabokov without a rebound.
16:54 of 3rd period - Glen Metropolit wins face-off versus Sydney Crosby in Bruins zone.
17:18 of 3rd period - Snap shot by Viktor Stalberg.
17:18 of 3rd period - Shot Misses the Net.
17:20 of 3rd period - Snap shot by Victor Oreskovich.
17:20 of 3rd period - Stopped by Martin Brodeur without a rebound.
17:21 of 3rd period - Chris Drury wins face-off versus Dave Bolland in Wild zone.
17:21 of 3rd period - Chris Drury is hit by Dainius Zubrus.
17:49 of 3rd period - Snap shot by Chris Drury.
17:49 of 3rd period - Shot Blocked by Christoph Schubert.
17:51 of 3rd period - Slapshot by R.J. Umberger.
17:51 of 3rd period - Shot Misses the Net.
17:53 of 3rd period - Slapshot by Daniel Briere.
17:53 of 3rd period - Stopped by Evgeni Nabokov without a rebound.
17:54 of 3rd period - Eric Lindros wins face-off versus Vaclav Prospal in Bruins zone.
17:56 of 3rd period - Minor Penalty to Eric Lindros for Hooking.
17:57 of 3rd period - Viktor Stalberg wins face-off versus Chris Drury in Bruins zone.
18:01 of 3rd period - Daniel Briere is hit by Viktor Stalberg and loses puck.
18:06 of 3rd period - Slapshot by Wojtek Wolski.
18:06 of 3rd period - Stopped by Martin Brodeur without a rebound.
18:07 of 3rd period - Viktor Stalberg wins face-off versus Chris Drury in Wild zone.
18:50 of 3rd period - Backhand shot by Daniel Briere.
18:50 of 3rd period - Stopped by Evgeni Nabokov without a rebound.
18:51 of 3rd period - Viktor Stalberg wins face-off versus Vaclav Prospal in Bruins zone.
19:06 of 3rd period - Snap shot by Toni Lydman.
19:06 of 3rd period - Shot Misses the Net.
19:56 of 3rd period - Penalty to Eric Lindros is over, Eric Lindros is back on ice.
Goals for this period are 1 for Wild vs 0 for Bruins.
Shots for this period are 18 for Wild vs 11 for Bruins.
Output by the SimonT Hockey Simulator (STHS) for François Prévost -- Original Page W3C XHTML 1.0 Valid